 Dungeon Crawl Stone Soup version 0.27.1-3-gb3d3a73c9e (webtiles) character file.

Game seed: 819766935958488544

207 raph the Digger (level 5, -7/28 HPs)
             Began as a Deep Elf Earth Elementalist on Oct 29, 2021.
             Mangled by a worm (9 damage)
             ... on level 3 of the Dungeon.
             The game lasted 00:06:43 (3422 turns).

raph the Digger (Deep Elf Earth Elementalist)       Turns: 3422, Time: 00:06:44

Health: -7/28      AC:  5    Str: 11    XL:     5   Next: 54%
Magic:  11/11      EV: 12    Int: 21    God:
Gold:   107        SH:  0    Dex: 21    Spells: 0/10 levels left

rFire    . . .     SeeInvis .   i - +2 dagger (venom)
rCold    . . .     Faith    .   (no shield)
rNeg     . . .     Spirit   .   u - +0 leather armour
rPois    .         Reflect  .   t - +0 helmet
rElec    .         Harm     .   (no cloak)
rCorr    .         Rampage  .   a - +0 pair of gloves
Will     .....                  (no boots)
Stlth    ++........             (no amulet)
HPRegen  0.09/turn              e - +6 ring of strength
MPRegen  0.12/turn              o - +6 ring of dexterity

@: hasted, studying Polearms, very quick
A: no striking features
a: no special abilities


You were on level 3 of the Dungeon.
You visited 1 branch of the dungeon, and saw 3 of its levels.

You collected 107 gold pieces.

Inventory:

Hand Weapons
 f - a +0 dagger
 i - a +2 dagger of venom (weapon)
 s - a +2 dagger of venom
Missiles
 c - 14 stones
Armour
 a - a +0 pair of gloves (worn)
 b - a +0 robe
 t - a +0 helmet (worn)
 u - a +0 leather armour (worn)
Jewellery
 e - a +6 ring of strength (left hand)
 k - a ring of flight
 o - a +6 ring of dexterity (right hand)
Scrolls
 d - a scroll of vulnerability {unknown}
 l - a scroll of summoning {unknown}
 n - a scroll of immolation {unknown}
 p - a scroll of brand weapon {unknown}
 r - 2 scrolls of enchant weapon {unknown}
Potions
 g - a potion of haste
 h - a potion of curing {unknown}
 j - a potion of brilliance {unknown}
 m - a potion of degeneration {unknown}
 q - a potion of heal wounds {unknown}


   Skills:
 + Level 0.1 Fighting
 + Level 2.5 Dodging
 + Level 2.5 Stealth
 + Level 3.1 Spellcasting
 + Level 0.3 Conjurations
 - Level 1.1 Transmutations
 * Level 6.8 Earth Magic


You couldn't memorise any spells.
You knew the following spells:

 Your Spells              Type           Power      Damage    Failure   Level
a - Sandblast             Erth           62%        2d14      1%          1
b - Passwall              Tmut/Erth      15%        N/A       5%          2
c - Stone Arrow           Conj/Erth      36%        3d9       12%         3
d - Petrify               Tmut/Erth      19%        N/A       34%         4

Your spell library contained the following spells:

 Spells                   Type           Power      Damage    Failure   Level
 Frozen Ramparts          Ice            6%         1d2       45%         3
 Ice Form                 Ice/Tmut       5%         N/A       80%         4
 Summon Ice Beast         Ice/Summ       3%         N/A       86%         4


Dungeon Overview and Level Annotations

Branches:
Dungeon (3/15)

Altars:

Annotations:
D:3 Terence


Message History

Things that are here:
a +0 club; a +0 dagger; a goblin corpse You pick up a book of Rime and begin reading...
You add the spells Frozen Ramparts, Ice Form and Summon Ice Beast to your library.
Okay, then.
Things that are here:
a +0 dagger; a goblin skeleton; a hobgoblin skeleton
Things that are here:
a +0 leather armour; a +0 dagger
u - a +0 leather armour You start removing your armour.
You continue taking off your +0 robe. x4
You finish taking off your +0 robe.
You start putting on your armour.
You continue putting on your +0 leather armour. x5
You finish putting on your +0 leather armour.
Found 14 arrows.
Things that are here:
a +0 club; a goblin skeleton
Found 8 gold pieces.
Terence the Incautious comes into view.
He is wielding a +0 hand axe.
Terence shouts!
Terence drinks a potion.
Terence goes berserk!
Okay, then.
A worm comes into view.
Terence hits you with a +0 hand axe! Terence closely misses you.
There is a stone staircase leading up here.
You hear a shout!
Terence closely misses you. The worm bites you.
Terence hits you with a +0 hand axe!
* * * LOW HITPOINT WARNING * * *
The worm barely misses you. Terence barely misses you.
The worm barely misses you. The worm bites you.
* * * LOW HITPOINT WARNING * * *
Terence barely misses you.
It was a potion of haste.
You feel yourself speed up. Terence barely misses you. The worm bites you!
You die...

.. .. #.. +# #.. #.. .#
#..# #....# #..##.##.# .#
######...#.##.# ..
..............# .#
.........#.@..##.#
....$..#@w.....## # .(..
#........##.#
..#####.###..#<........
................).......#
#......##..........####.
#...## .#.......)#..# .
.............)#).#.# .
...###..)..........##


You could see Terence (berserk) and a worm.

Vanquished Creatures
  Natasha (thrice) (D:2)
  Robin (D:2)
  4 adders
  A worm (D:2)
  6 endoplasms
  A giant cockroach (D:1)
  16 goblins
  11 hobgoblins
  10 jackals (D:2)
  5 kobolds
  3 quokkas
  6 ball pythons
  3 bats
  3 frilled lizards (D:1)
  3 rats
76 creatures vanquished.

Notes
Turn   | Place    | Note
-------+----------+-------------------------------------------
     0 | D:1      | raph the Deep Elf Earth Elementalist began the quest for
                  | the Orb.
     0 | D:1      | Reached XP level 1. HP: 10/10 MP: 6/6
    72 | D:1      | Found a faded altar of an unknown god.
   189 | D:1      | Reached XP level 2. HP: 15/15 MP: 1/8
   205 | D:1      | Reached skill level 4 in Earth Magic
   267 | D:1      | Learned a level 2 spell: Passwall
  1246 | D:2      | Reached XP level 3. HP: 19/19 MP: 7/9
  1295 | D:2      | Reached skill level 5 in Earth Magic
  1755 | D:2      | Reached XP level 4. HP: 17/24 MP: 10/10
  2066 | D:2      | Noticed Natasha
  2069 | D:2      | Killed Natasha
  2228 | D:2      | Reached skill level 6 in Earth Magic
  2493 | D:2      | Noticed Natasha
  2499 | D:2      | Killed Natasha
  2579 | D:3      | Reached XP level 5. HP: 28/28 MP: 11/11
  2612 | D:3      | Learned a level 3 spell: Stone Arrow
  2884 | D:2      | Noticed Natasha
  2886 | D:2      | Killed Natasha
  2907 | D:2      | Learned a level 4 spell: Petrify
  3165 | D:3      | Noticed Robin
  3249 | D:2      | Killed Robin
  3405 | D:3      | Noticed Terence
  3422 | D:3      | Mangled by a worm

Illustrated notes

Levels and vault maps discovered:
D:1:      minmay_arrival_arboretum_small, layout_loops_ring,
          shapermc_ecumenical_altar_starsandcircs
D:2:      layout_basic, uniq_natasha
D:3:      layout_rooms, serial_shops, nicolae_shop_window_shopping,
          kennysheep_generic_room_3, uniq_robin, uniq_terence

Skill      XL: |  1  2  3  4 |
---------------+-------------+-----
Earth Magic    | 4 5 6 |  6.8
Fighting       | |  0.1
Dodging        | |  2.5
Stealth        | |  2.5
Spellcasting   | |  3.1
Conjurations   | |  0.3
Transmutations | |  1.1

Action                   |  1- 3 |  4- 6 || total
-------------------------+-------+-------++-------
Melee: Dagger            |   118 |    45 ||   163
 Cast: Sandblast         |    28 |    14 ||    42
       Stone Arrow       |       |     4 ||     4
       Passwall          |       |     1 ||     1
  Use: Potion            |       |     1 ||     1
 Stab: Sleeping          |     1 |     2 ||     3
Armor: Robe              |    20 |    11 ||    31
Dodge: Dodged            |    93 |    52 ||   145
